 Dungeon Crawl Stone Soup version 0.25.1-2-g60ff931df9 (webtiles) character file.

Game seed: 8872765174502392554

105 Forgol the Slasher (level 4, -4/34 HPs)
             Began as a Barachi Skald on Sept 10, 2020.
             Slain by an orc priest
             ... wielding a +0 flail
              (7 damage)
             ... on level 3 of the Dungeon.
             The game lasted 00:05:06 (2631 turns).

Forgol the Slasher (Barachi Skald)                  Turns: 2631, Time: 00:05:07

Health: -4/34      AC:  8    Str: 13    XL:     4   Next: 83%
Magic:  7/7        EV:  9    Int: 12    God:
Gold:   115        SH:  0    Dex: 11    Spells: 6/7 levels left

rFire    . . .     SeeInvis .   a - +0 falchion
rCold    . . .     Gourm    .   (no shield)
rNeg     . . .     Faith    .   k - +0 scale mail
rPois    +         Spirit   .   (no helmet)
rElec    .         Reflect  .   c - +1 cloak
rCorr    .         Harm     .   (no gloves)
MR       .....                  (no boots)
Stlth    ..........             j - amulet of the acrobat
HPRegen  0.11/turn              (no ring)
MPRegen  0.10/turn              (no ring)

@: slow
A: +LOS, swims, dopey 1, poison resistance, slowness 1, strong legs 1
a: Hop


You were on level 3 of the Dungeon.
You were not hungry.

You visited 1 branch of the dungeon, and saw 3 of its levels.

You collected 115 gold pieces.

Inventory:

Hand Weapons
 a - a +0 falchion (weapon)
Armour
 b - a +0 leather armour
 c - a +1 cloak (worn)
 k - a +0 scale mail (worn)
Jewellery
 j - an amulet of the acrobat (around neck)
Scrolls
 e - 2 scrolls of identify {unknown}
 g - a scroll of enchant armour
Potions
 h - 2 potions of flight
Comestibles
 d - 6 rations
 f - 2 chunks of flesh


   Skills:
 - Level 2.4 Fighting
 + Level 5.9 Long Blades
 - Level 1.2 Armour
 - Level 2.1 Dodging
 - Level 2.1 Spellcasting
 - Level 3.2 Charms


You had 6 spell levels left.
You knew the following spells:

 Your Spells              Type           Power        Failure   Level  Hunger
a - Infusion              Chrm           #...         32%         1    ##.....

Your spell library contained the following spells:

 Spells                   Type           Power        Failure   Level  Hunger
 Song of Slaying          Chrm           #.......     45%         2    ###....
 Shroud of Golubria       Chrm/Tloc      #.....       69%         2    ###....
 Ozocubu's Armour         Chrm/Ice       #.......     89%         3    ####...
 Spectral Weapon          Hex/Chrm       #.......     89%         3    ####...


Dungeon Overview and Level Annotations

Branches:
Dungeon (3/15)

Altars:


Innate Abilities, Weirdness & Mutations

You can be seen from farther away. (+LOS)
You can swim through water.
You cover ground slowly.
You can hop short distances.
You are dopey. (Int -2)
Your system is resistant to poisons. (rPois)


Message History

You are too injured to fight recklessly!
You are too injured to fight recklessly!
You are too injured to fight recklessly!
You are too injured to fight recklessly!
You are too injured to fight recklessly!
You are too injured to fight recklessly!
You hit the orc priest but do no damage.
The orc closely misses you.
The orc priest invokes the aid of Beogh against you.
Pain shoots through your body!
* * * LOW HITPOINT WARNING * * *
You closely miss the orc priest.
The orc priest invokes the aid of Beogh against you.
Pain shoots through your body!
* * * LOW HITPOINT WARNING * * *
The orc closely misses you.
The orc priest hits you but does no damage.
You hit the orc priest but do no damage.
The orc priest hits you with a +0 flail!
You die...

#####.#........#
#.....+........###
#.....#.....)...(#
#.....#.......##.###
#.....#....รท..##...###
#.....#....)..##.####.
#.....#.......##.#..'.
#.....#.......##.#.##.
#...o@#.......##.#.##.
#...oo#.......##.#.##.
#....o##########.#.##.
#)....# #.#.##. #.....#
#...##. #.....# ######.
#...?.# #. #.....# #.
#.....# #.


You could see 2 orc priests and 2 orcs.

Vanquished Creatures
  3 adders
  An ooze (D:1)
  A dart slug (D:2)
  9 orcs
  A ball python (D:2)
  8 giant cockroaches
  5 hobgoblins
  5 kobolds
  2 quokkas (D:3)
  6 bats
  2 frilled lizards
  12 goblins
  A quokka zombie (D:3)
  4 rats
  A plant (D:1)
61 creatures vanquished.

Notes
Turn   | Place    | Note
-------+----------+-------------------------------------------
     0 | D:1      | Forgol the Barachi Skald began the quest for the Orb.
     0 | D:1      | Reached XP level 1. HP: 17/17 MP: 3/3
   127 | D:1      | Reached skill level 3 in Long Blades
   197 | D:1      | Reached XP level 2. HP: 23/23 MP: 5/5
   721 | D:2      | Reached skill level 4 in Long Blades
   721 | D:2      | Reached XP level 3. HP: 28/28 MP: 6/6
  1421 | D:2      | Reached skill level 5 in Long Blades
  1421 | D:2      | Reached XP level 4. HP: 27/34 MP: 7/7
  2017 | D:3      | Gained mutation: You are partially covered in yellow
                  | scales. (AC +2) [potion of mutation]
  2017 | D:3      | Gained mutation: You possess an exceptional clarity of
                  | mind. [potion of mutation]
  2111 | D:2      | Lost mutation: You possess an exceptional clarity of mind.
                  | [potion of mutation]
  2111 | D:2      | Lost mutation: You are partially covered in yellow scales.
                  | (AC +2) [potion of mutation]
  2111 | D:2      | Gained mutation: You are dopey. (Int -2) [potion of
                  | mutation]
  2111 | D:2      | Gained mutation: Your system is resistant to poisons.
                  | (rPois) [potion of mutation]
  2631 | D:3      | Slain by an orc priest

Illustrated notes

Levels and vault maps discovered:
D:1:      dpeg_arrival_short_road, layout_rooms, minmay_misc_feat_four_crosses,
          serial_bayou_lagoon_a, st_stairs_8
D:2:      layout_basic, first_ration, minivault_14
D:3:      layout_basic

Skill      XL: |  1  2  3 |
---------------+----------+-----
Long Blades    | 3 4 5 |  5.9
Fighting       | |  2.4
Armour         | |  1.2
Dodging        | |  2.1
Spellcasting   | |  2.1
Charms         | |  3.2

Action                   |  1- 3 |  4- 6 || total
-------------------------+-------+-------++-------
Melee: Falchion          |   174 |   114 ||   288
  Use: Scroll            |     1 |     4 ||     5
       Potion            |       |     5 ||     5
  Eat: Chunk             |     3 |     1 ||     4
       Ration            |       |     1 ||     1
Armor: Leather armour    |    24 |       ||    24
       Scale mail        |    24 |    37 ||    61
Dodge: Dodged            |    61 |    56 ||   117
       Rpst.: Falchion   |    25 |    24 ||    49
